 Dungeon Crawl Stone Soup version 0.28.0-1-gb440e238dd (webtiles) character file.

Game seed: 9903780777064527290

2267 Woods the Summoner (level 9, -15/41 HPs)
             Began as a Felid Summoner on Feb 25, 2022.
             Shot with an arrow by a centaur warrior (16 damage)
             ... on level 10 of the Dungeon.
             The game lasted 00:32:43 (17317 turns).

Woods the Summoner (Felid Summoner)                Turns: 17317, Time: 00:32:44

Health: -15/41     AC:  2    Str:  4    XL:     9   Next: 16%
Magic:  19/24      EV: 22    Int: 22    God:
Gold:   414        SH:  0    Dex: 16    Spells: 13/28 levels left
                                        Lives:  0   Deaths: 3

rFire   . . .      SeeInvis +   (weapon unavailable)
rCold   . . .      Faith    .   (shield unavailable)
rNeg    . . .      Spirit   .   (armour unavailable)
rPois   .          Reflect  .   (helmet unavailable)
rElec   .          Harm     .   (cloak unavailable)
rCorr   .          Rampage  .   (gloves unavailable)
Will    +....                   (boots unavailable)
Stlth   ++++......              (no amulet)
HPRegen 0.13/turn               (no ring)
MPRegen 0.19/turn               (no ring)

@: quick
A: very small, claws 1, fangs 3, see invisible, speed 1, shaggy fur 2, stealthy
paws, no weapons or thrown items, no armour, multi-lived
a: no special abilities


You were on level 10 of the Dungeon.
You visited 2 branches of the dungeon, and saw 11 of its levels.

You collected 414 gold pieces.

Inventory:

Jewellery
 p - an amulet of faith
 w - a ring of willpower
Wands
 u - a wand of flame (29)
 v - a wand of acid (12)
 z - a wand of polymorph (5)
Scrolls
 b - a scroll of noise {unknown}
 c - 2 scrolls of immolation
 d - 2 scrolls of teleportation
 f - 2 scrolls of summoning
 g - 2 scrolls of silence
 h - 2 scrolls of enchant weapon
 k - a scroll of magic mapping
 l - 4 scrolls of blinking
 n - 2 scrolls of fear
 x - a scroll of holy word {unknown}
 y - a scroll of vulnerability {unknown}
 A - a scroll of torment {unknown}
 B - a scroll of enchant armour {unknown}
Potions
 a - 2 potions of resistance
 i - 5 potions of curing
 j - 2 potions of haste
 m - a potion of brilliance {unknown}
 o - 4 potions of might
 q - a potion of lignification {unknown}
 r - a potion of attraction {unknown}
 s - 2 potions of heal wounds
 t - 2 potions of flight {unknown}


   Skills:
 + Level 5.8 Fighting
 + Level 8.9 Dodging
 - Level 8.0 Stealth
 - Level 10.0 Spellcasting
 - Level 10.0 Summonings
 - Level 3.0 Translocations


You had 13 spell levels left.
You knew the following spells:

 Your Spells              Type           Power      Damage    Failure   Level
a - Summon Small Mammal   Summ           100%       N/A       1%          1
b - Call Imp              Summ           53%        N/A       1%          2
c - Call Canine Familiar  Summ           53%        N/A       1%          3
d - Summon Guardian Gole  Hex/Summ       33%        N/A       2%          3
e - Blink                 Tloc           48%        N/A       2%          2
f - Summon Lightning Spi  Summ/Air       33%        N/A       8%          4

Your spell library contained the following spells:

 Spells                   Type           Power      Damage    Failure   Level
 Sting                    Tmut/Pois      44%        1d5       6%          1
 Poisonous Vapours        Pois/Air       22%        N/A       9%          2
 Manifold Assault         Tloc           24%        N/A       43%         5
 Leda's Liquefaction      Hex/Erth       5%         N/A       52%         4
 Olgreb's Toxic Radiance  Pois           11%        N/A       52%         4
 Lee's Rapid Deconstruct  Erth           5%         3d7*      86%         5
 Statue Form              Tmut/Erth      7%         N/A       100%        6
 Storm Form               Tmut/Air       5%         N/A       100%        7


Dungeon Overview and Level Annotations

Branches:
Dungeon (10/15)            Temple (1/1) D:6
   Lair: D:8-11         Orc: D:9-12

Altars:
Ashenzari
Cheibriados
Dithmenos
Elyvilon
Fedhas
Gozag
Hepliaklqana
Kikubaaqudgha
Makhleb
Nemelex Xobeh
Okawaru
Qazlal
Ru
Sif Muna
Trog
Uskayaw
Vehumet
Wu Jian
Xom
Zin
The Shining One
Jiyva

Shops:
D:5 :

Annotations:
D:5 2 runed translucent doors, Dvallin's ghost, weakling KoDe
D:8 3 runed translucent doors, hikkokomori's ghost, novice GrEE
D:10 Maurice


Innate Abilities, Weirdness & Mutations

You have sharp claws.
You have razor-sharp teeth.
You have supernaturally acute eyesight. (SInv)
You cover ground quickly. (Speed+)
You are covered in thick fur. (AC +2)
Your paws help you pounce on unaware monsters.
You are incapable of wielding weapons or throwing items.
You cannot wear armour.
You gain extra lives every three experience levels.


Message History

Anything else - Cancel.
Gang up on whom?
Press: ? - help, Dir - move target, f - orc priest
Aim: an orc priest, wielding a +0 club Attack!
Casting: Summon Small Mammal (safe; 1% risk of failure)
Confirm with . or Enter, or press ? or * to list all spells.
Casting: Summon Small Mammal (safe; 1% risk of failure)
Confirm with . or Enter, or press ? or * to list all spells.
A beastly little devil appears in a puff of frigid air.
Your white imp gestures at the orc priest.
The puff of frost hits the orc priest!
The orc priest hits your wolf with a +0 club.
Your white imp gestures at the orc priest.
The puff of frost hits the orc priest!
The orc priest dies!
No target in view!
Magic restored.
You see here a +1 cloak.
Key pressed, stopping explore.
You now have 414 gold pieces (gained 25).
Items here: ( )) †.
A centaur warrior is nearby!
Casting: Call Imp (safe; 1% risk of failure)
Confirm with . or Enter, or press ? or * to list all spells.
A guardian golem appears, shielding your allies.
The centaur warrior shoots an arrow.
The arrow barely misses you.
Casting: Summon Guardian Golem (dangerous; 2% risk of failure)
Confirm with . or Enter, or press ? or * to list all spells.
You don't know that spell.
Casting: Summon Guardian Golem (dangerous; 2% risk of failure)
Confirm with . or Enter, or press ? or * to list all spells.
A metallic apparition takes form in the air.
The centaur warrior shoots an arrow.
The arrow hits you! The arrow freezes you.
The centaur warrior shoots an arrow.
The arrow hits you!
* * * LOW HITPOINT WARNING * * *
The arrow freezes you.
* * * LOW HITPOINT WARNING * * *
You swap places.
The centaur warrior shoots an arrow.
The arrow hits you!
You die...

#..# #.).#............#####.
#.## ###....................
#.# ###).................
#.# #....>....#†....... ..##
####.........#.###...# ...#
#..........c...# ... ...#
##..........###.# . ..
)..######.....(.9...###.#...
..§.Z..c.○####.5@h....#.....
..§######## #..##...)...§..
...# #†.######...§.. ...#
#..## .§.§.. ...# #..)#
#o... ...# #.#.# #... ...#
#...#### # .. ####
#......###.# .
#..........###


You could see a centaur warrior (ally target), a friendly guardian golem
(summoned), a friendly wolf (summoned, sheltered) and a friendly iron imp
(summoned, sheltered).

Vanquished Creatures
  An adder skeleton (D:4)
  A dart slug (D:3)
  An orc (D:8)
  A ball python (D:1)
  3 bats
  A giant cockroach (D:2)
  A goblin (D:1)
  5 jackals (D:1)
  3 kobolds
  A frilled lizard (D:2)
  A rat (D:1)
19 creatures vanquished.

Vanquished Creatures (collateral kills)
  3 two-headed ogres
  A kobold demonologist (D:8)
  A hornet (D:9)
  A wyvern (D:9)
  A vampire (D:10)
  A yak (D:8)
  A vampire mosquito (D:10)
  A steam dragon (D:8)
  A warg (D:10)
  A water moccasin (D:5)
  An ice beast (D:6)
  An orc warrior (D:10)
  An ogre (D:4)
  A black bear (D:4)
  A sky beast (D:8)
  3 phantoms (D:5)
  5 kobold brigands
  4 bullfrogs
  4 scorpions
  A water moccasin zombie (D:5)
  5 howler monkeys (D:7)
  10 wights
  2 centaur zombies
  2 hounds
  A jelly (D:5)
  5 orc priests
  2 iguanas (D:5)
  A centaur skeleton (D:4)
  5 orc wizards
  A howler monkey zombie (D:8)
  3 gnolls (D:3)
  6 adders
  2 shadow imps
  A white imp (D:5)
  An ufetubus (D:6)
  3 worms
  2 dart slugs
  15 orcs
  6 ball pythons
  4 bats
  3 endoplasms
  4 giant cockroaches
  7 goblins
  4 hobgoblins
  2 jackals (D:1)
  22 kobolds
  5 quokkas
  3 frilled lizards
  7 rats
168 creatures vanquished.

Vanquished Creatures (others)
  2 centaur warriors (D:8)
  A two-headed ogre (D:8)
  Maggie (D:10)
  A warg (D:10)
  A vampire mosquito (D:10)
  A water moccasin (D:7)
  An orc warrior (D:8)
  A centaur (D:10)
  3 bullfrogs
  2 wights (D:8)
  2 orc wizards (D:6)
  2 orcs
  A kobold (D:6)
  4 plants (D:8)
23 creatures vanquished.

Grand Total: 210 creatures vanquished

Notes
Turn   | Place    | Note
-------+----------+-------------------------------------------
     0 | D:1      | Woods the Felid Summoner began the quest for the Orb.
     0 | D:1      | Reached XP level 1. HP: 7/7 MP: 4/4
   291 | D:1      | Reached XP level 2. HP: 10/11 MP: 4/6
   344 | D:1      | Learned a level 2 spell: Call Imp
  1571 | D:2      | Reached XP level 3. HP: 11/14 MP: 2/7
  2073 | D:2      | Learned a level 3 spell: Call Canine Familiar
  2197 | D:2      | Reached XP level 4. HP: 18/18 MP: 3/8
  2268 | D:2      | Identified the +6 short sword of the Wilderness {protect,
                  | rElec}
  2711 | D:3      | Found a faded altar of an unknown god.
  3543 | D:3      | Reached XP level 5. HP: 21/21 MP: 2/10
  4445 | D:4      | Noticed a black bear
  4580 | D:4      | Reached skill level 5 in Stealth
  4615 | D:4      | Reached skill level 5 in Summonings
  4983 | D:4      | Learned a level 3 spell: Summon Guardian Golem
  5057 | D:4      | Gained mutation: You are covered in thick fur. (AC +2)
                  | [Felid growth]
  5057 | D:4      | Reached XP level 6. HP: 24/24 MP: 9/12
  5215 | D:4      | Reached skill level 5 in Dodging
  5650 | D:5      | Entered Level 5 of the Dungeon
  5793 | D:5      | Reached XP level 7. HP: 12/27 MP: 4/14
  6206 | D:5      | Found a runed translucent door.
  6251 | D:5      | Reached skill level 5 in Spellcasting
  6310 | D:5      | Found Ubruco's Book Shop.
  6446 | D:5      | Reached skill level 1 in Fighting
  6980 | D:5      | Noticed Dvallin's ghost (weakling KoDe)
  6997 | D:5      | Reached XP level 8. HP: 34/34 MP: 10/17
  7149 | D:5      | Found a runed translucent door.
  8156 | D:6      | Found a staircase to the Ecumenical Temple.
  8305 | Temple   | Entered the Ecumenical Temple
  9483 | D:7      | You fall into a shaft and drop 3 floors!
  9483 | D:10     | Entered Level 10 of the Dungeon
  9483 | D:10     | Noticed Maggie
  9694 | D:9      | Noticed a hornet
  9779 | D:8      | Found a burning altar of Makhleb.
 10418 | D:7      | Reached XP level 9. HP: 38/39 MP: 11/20
 10855 | D:7      | Learned a level 2 spell: Blink
 10860 | D:7      | Learned a level 4 spell: Summon Lightning Spire
 10960 | D:7      | Reached skill level 1 in Translocations
 11426 | D:7      | Reached skill level 5 in Fighting
 11686 | D:8      | Noticed a two-headed ogre
 11705 | D:8      | Killed a two-headed ogre
 11793 | D:8      | Noticed a two-headed ogre
 11983 | D:8      | Found a runed translucent gate.
 11983 | D:8      | Found a runed translucent gate.
 11983 | D:8      | Found a runed translucent gate.
 11986 | D:8      | Noticed hikkokomori's ghost (novice GrEE)
 11989 | D:8      | Found a viscous altar of Jiyva.
 12227 | D:8      | Engulfed by their own flame
 12228 | D:8      | Reached XP level 8. HP: -3/37 MP: 18/20
 12443 | D:8      | Noticed a troll
 12446 | D:8      | Killed a two-headed ogre
 12447 | D:8      | Reached XP level 9. HP: 40/40 MP: 21/21
 13219 | D:8      | Noticed a kobold demonologist
 13243 | D:8      | Killed a kobold demonologist
 13459 | D:8      | Noticed a centaur warrior
 13472 | D:8      | Killed a centaur warrior
 14011 | D:8      | Noticed a centaur warrior
 14041 | D:8      | Killed a centaur warrior
 14042 | D:8      | Reached XP level 10. HP: 33/44 MP: 12/23
 14360 | D:9      | Noticed a two-headed ogre
 14386 | D:9      | Killed a two-headed ogre
 14387 | D:9      | Reached skill level 10 in Summonings
 15833 | D:10     | Noticed Maurice
 16166 | D:10     | Noticed a centaur warrior
 16184 | D:10     | Shot with an arrow by a centaur warrior
 16185 | D:10     | Reached XP level 9. HP: -4/40 MP: 11/23
 16409 | D:10     | Killed Maggie
 16410 | D:10     | Reached skill level 10 in Spellcasting
 17047 | D:10     | Noticed a two-headed ogre
 17064 | D:10     | Killed a two-headed ogre
 17065 | D:10     | Reached XP level 10. HP: 45/45 MP: 17/25
 17216 | D:10     | Shot with an arrow by a centaur warrior
 17217 | D:10     | Reached XP level 9. HP: -1/41 MP: 10/24
 17316 | D:10     | HP: 1/41 [centaur warrior/arrow (3)]
 17317 | D:10     | Shot with an arrow by a centaur warrior

Illustrated notes

Levels and vault maps discovered:
D:1:      zelgadis_glass_arrival_small, layout_loops_ring,
          minmay_shallow_snake_nest
D:2:      layout_basic, minmay_tetromino_s2
D:3:      layout_loops_ring, chequers_ecumenical_altar_simple_redux
D:4:      layout_gridville, columned_hall_lemuel, eino_curves_02,
          palyth_stone_intersect
D:5:      layout_rooms, hellmonk_ghost_happy_afterlife, serial_shops,
          nicolae_shop_temple_entry_statues_fountains, lightli_church_of_beogh
D:6:      layout_cave_pods, minmay_temple_entry_offerings, grunt_decor_fettered
D:7:      layout_gridville
D:8:      nzn_winding_woodlands_cross
          [nzn_winding_woodlands_5x15_river_crossing,
          nzn_winding_woodlands_5x15_sawtooth,
          nzn_winding_woodlands_5x15_lazy_stream,
          nzn_winding_woodlands_5x15_crooked,
          nzn_winding_woodlands_15x15_boxy_spiral], layout_loops_cross,
          mainiacjoe_overflow_alcove_4, gammafunk_ghost_ooze,
          minmay_misc_feat_pillars
D:9:      layout_irregular_city, lemuel_flame_loot_1
D:10:     layout_rooms, marbit_many_paths, erik_lair_orcish_takeover,
          st_stairs_4, uniq_maurice, uniq_maggie
Temple:   mainiacjoe_temple_cubbyholes

Skill      XL: |  1  2  3  4  5  6  7  8  9 10 |
---------------+-------------------------------+-----
Dodging        | 3 4 5 7 8 |  8.9
Stealth        | 3 4 5 7 8 |  8.0
Spellcasting   | 3 4 5 6 10 9 | 10.0
Summonings     | 5 6 7 9 10 | 10.0
Fighting       | 2 4 5 |  5.8
Translocations | 3 |  3.0

Action                   |  1- 3 |  4- 6 |  7- 9 | 10-12 || total
-------------------------+-------+-------+-------+-------++-------
Melee: Unarmed           |    66 |    29 |    30 |     2 ||   127
       Bite              |     9 |     3 |     1 |       ||    13
 Cast: Summon Small Mamm |    51 |    61 |    73 |     4 ||   189
       Call Imp          |    10 |    30 |    19 |     3 ||    62
       Call Canine Famil |     1 |    13 |    64 |    12 ||    90
       Summon Guardian G |       |       |    51 |    13 ||    64
       Summon Lightning  |       |       |     2 |     8 ||    10
       Blink             |       |       |     2 |       ||     2
  Use: Scroll            |       |       |    16 |       ||    16
Armor: Skin              |     8 |     2 |     5 |     1 ||    16
Dodge: Dodged            |    68 |    63 |    82 |    49 ||   262
